 Dungeon Crawl Stone Soup version 0.13.0-26-gf7ffa3a (webtiles) character file.

350 Grandi the Magician (level 5, 0/34 HPs)
             Began as a Human Wizard on Oct 31, 2013.
             Succumbed to a scorpion's poison
             ... on Level 4 of the Dungeon.
             The game lasted 00:35:40 (4061 turns).

Grandi the Magician (Human Wizard)                  Turns: 4061, Time: 00:35:40

HP   0/34        AC  3     Str  8      XL: 5   Next: 81%
MP   9/14        EV 12     Int 19      God:
Gold 179         SH  0     Dex 11      Spells:  5 memorised,  2 levels left

Res.Fire  : . . .   See Invis. : .   h - +0,+1 spear
Res.Cold  : . . .   Warding    : .   q - +0 robe (curse)
Life Prot.: . . .   Conserve   : .   (no shield)
Res.Poison: .       Res.Corr.  : .   b - +0 wizard hat
Res.Elec. : .       Clarity    : .   g - +0 orc cloak
Sust.Abil.: . .     Spirit.Shd : .   (no gloves)
Res.Mut.  : .       Stasis     : .   (no boots)
Res.Rott. : .       Flight     : .   (no amulet)
Saprovore : . . .                    (no ring)
                                     (no ring)

@: invisible, quite poisoned, very slightly contaminated, slightly resistant to
hostile enchantments, fairly stealthy
A: no striking features
a: no special abilities


You were on level 4 of the Dungeon.
You were not hungry.

You visited 1 branch of the dungeon, and saw 4 of its levels.

You collected 159 gold pieces.

Inventory:

Hand weapons
 h - a +0,+1 spear (weapon)
 m - a +2,+2 short sword
 p - a +0,+0 scythe
 s - a +1,+3 orcish long sword
 v - a +1,+1 dagger (quivered)
 y - a +2,+1 dagger of venom
 D - a +0,+0 dagger
Missiles
 x - 17 darts
Armour
 a - a +0 robe
 b - a +0 wizard hat (worn)
 g - a +0 orcish cloak (worn)
 q - a cursed +0 robe (worn)
 t - a cursed +0 elven leather armour
 B - a +0 robe
 E - a +0 orcish robe
 F - a +0 orcish robe
Magical devices
 l - a wand of flame (10) {unknown}
 n - a wand of magic darts (0)
Comestibles
 d - a bread ration
Scrolls
 k - a scroll of identify
Jewellery
 j - an uncursed ring of fire
Potions
 e - a potion of restore abilities
 i - a potion of agility
 w - a potion of poison {unknown}
 A - a potion of slowing {unknown}
Books
 c - a book of Minor Magic

   Spells                             Type                      Level
   *Magic Dart                        Conjuration                  1
   *Blink                             Translocation                2
   *Call Imp                          Summoning                    2
   Repel Missiles                     Charms/Air                   2
   *Slow                              Hexes                        2
   Conjure Flame                      Conjuration/Fire             3
   *Mephitic Cloud                    Conjuration/Poison/Air       3


   Skills:
 * Level 2.1 Fighting
 + Level 0.8 Polearms
 * Level 1.8 Armour
 + Level 2.6 Dodging
 + Level 2.2 Stealth
 + Level 4.0 Spellcasting
 + Level 1.3 Conjurations
 + Level 1.3 Summonings
 + Level 1.1 Translocations


You had 2 spell levels left.
You knew the following spells:

 Your Spells              Type           Power        Failure   Level  Hunger
a - Magic Dart            Conj           #...         10%         1    None
b - Blink                 Tloc           N/A          14%         2    #......
c - Call Imp              Summ           #.........   14%         2    #......
d - Mephitic Cloud        Conj/Pois/Air  #.......     38%         3    ###....
e - Slow                  Hex            #.......     21%         2    #......


Dungeon Overview and Level Annotations

Branches:
Dungeon (4/27)
 Temple: D:4-7

Altars:

Annotations:
D:4 Pikel


Message History

You feel sick. The slave hits your white imp. The scorpion stings you.
* * * LOW HITPOINT WARNING * * *
Your crimson imp hits the scorpion but does no damage.
You are very lightly contaminated with residual magic.
Casting: Call Imp
Confirm with . or Enter, or press ? or * to list all spells.
You blink.
* * * LOW HITPOINT WARNING * * *
You feel sick. The slave hits your white imp.
Your white imp dies!
Your crimson imp barely misses the scorpion.
* * * LOW HITPOINT WARNING * * *
You feel sick.
Found 13 gold pieces.
* * * LOW HITPOINT WARNING * * *
You feel sick.
* * * LOW HITPOINT WARNING * * *
You feel sick.
You feel a little better.
You die...

###############
#....55s..@r..#
##5##########.#
#...# #.# ###.#
#.# #.# #.# #@#
###@# #.# ..#.#.
#$# ####.#r#.# #.#
#<##.#.#.# #.#
#.##.#.#.# #.#
#.##.#.#.# #.#
#.##.#.#.#
#.#.#....#.#.#
#.#........#.#####


There were no monsters in sight!

Vanquished Creatures
  An orc wizard (D:3)
  Jessica (D:2)
  A white imp (D:4)
  4 orcs
  2 giant cockroaches (D:1)
  9 goblins
  7 hobgoblins
  4 bats
  4 giant newts
  5 kobolds
  6 rats
44 creatures vanquished.

Vanquished Creatures (collateral kills)
  Sigmund (D:2)
  2 orc wizards (D:3)
  Ijyb (D:1)
  2 adders (D:3)
  6 orcs
  A giant cockroach (D:3)
  A goblin (D:2)
  2 bats (D:3)
  A kobold (D:3)
17 creatures vanquished.

Vanquished Creatures (others)
  An iron imp (D:3)
  A shadow imp (D:3)
  6 white imps
8 creatures vanquished.

Grand Total: 69 creatures vanquished

Notes
Turn   | Place    | Note
--------------------------------------------------------------
     0 | D:1      | Grandi, the Human Wizard, began the quest for the Orb.
     0 | D:1      | Reached XP level 1. HP: 11/11 MP: 5/5
   376 | D:1      | Reached XP level 2. HP: 17/17 MP: 2/7
   760 | D:1      | Reached skill level 1 in Fighting
   764 | D:1      | Learned a level 2 spell: Blink
   767 | D:1      | Learned a level 2 spell: Call Imp
   796 | D:1      | Reached XP level 3. HP: 16/22 MP: 1/9
   801 | D:1      | Learned a level 3 spell: Mephitic Cloud
   974 | D:1      | Reached skill level 1 in Armour
  1158 | D:2      | Noticed Ijyb
  1459 | D:2      | Noticed Sigmund
  1566 | D:1      | Killed Ijyb
  1668 | D:2      | Killed Sigmund
  1668 | D:2      | Reached XP level 4. HP: 6/28 MP: 1/11
  2012 | D:2      | Learned a level 2 spell: Slow
  2313 | D:2      | Noticed Jessica
  2327 | D:2      | Killed Jessica
  2597 | D:3      | Reached XP level 5. HP: 12/33 MP: 0/13
  3438 | D:3      | Reached skill level 4 in Spellcasting
  3997 | D:4      | Noticed Pikel
  4004 | D:4      | Noticed a slave
  4007 | D:4      | Noticed an ogre
  4060 | D:4      | HP: 1/34 [poisoned by a scorpion]
  4061 | D:4      | Succumbed to a scorpion's poison

Action                   |  1- 3 |  4- 6 || total
-------------------------+-------+-------++-------
Melee: Spear             |    44 |    45 ||    89
 Cast: Magic Dart        |    36 |    30 ||    66
       Call Imp          |    11 |    33 ||    44
       Mephitic Cloud    |     1 |     2 ||     3
       Blink             |       |     3 ||     3
  Use: Scroll            |     5 |     5 ||    10
       Potion            |       |     6 ||     6
